 Dungeon Crawl Stone Soup version 0.28-a0-1404-g4df0f3684d (webtiles) character file.

Game seed: 2216528261745890286

304301 agentchuck the Slayer (level 21, -7/207 HPs)
             Began as a Ghoul Gladiator on Jan 1, 2022.
             Was the Champion of Makhleb.
             Killed from afar by a deep elf knight (11 damage)
             ... with a shard of ice
             ... on level 1 of the Elven Halls on Jan 5, 2022.
             The game lasted 03:09:39 (60312 turns).

agentchuck the Slayer (Ghoul Gladiator)            Turns: 60312, Time: 03:09:40

Health: -7/207     AC: 22    Str: 33    XL:     21   Next: 11%
Magic:  28/28      EV: 17    Int:  5    God:    Makhleb [******]
Gold:   2147       SH:  0    Dex: 16    Spells: 20/20 levels left

rFire   + . .      SeeInvis .   e - +4 broad axe (vamp)
rCold   + . .      Faith    .   (no shield)
rNeg    + + +      Spirit   .   J - quicksilver dragon scales
rPois   ∞          Reflect  .   Q - +0 helmet "Guong" {Str+6 Stlth+}
rElec   .          Harm     .   k - +2 cloak
rCorr   .          Rampage  .   (no gloves)
Will    ++...                   h - +2 pair of boots
Stlth   ++........              (no amulet)
HPRegen 0.00/turn               X - +6 ring of dexterity
MPRegen 0.21/turn               F - ring of protection from fire

@: inhibited regen, studying Crossbows
A: claws 1, cold resistance 1, negative energy resistance 3, inhibited
regeneration, torment resistance 2
}: 2/15 runes: decaying, gossamer
a: Renounce Religion, Minor Destruction, Lesser Servant of Makhleb, Major
Destruction, Greater Servant of Makhleb


You were on level 1 of the Elven Halls.
You worshipped Makhleb.
Makhleb was exalted by your worship.
You visited 9 branches of the dungeon, and saw 35 of its levels.

You collected 3452 gold pieces.
You spent 1305 gold pieces at shops.


Innate Abilities, Weirdness & Mutations

You thrive by killing the living.
You are immune to poison.
You have sharp fingernails.
Your flesh is cold resistant. (rC+)
You are immune to negative energy. (rN+++)
You do not regenerate when monsters are visible.
You are immune to unholy pain and torment.


   Skills:
 * Level 22.0 Fighting
 * Level 19.0 Axes
 - Level 7.5 Throwing
 + Level 12.3 Armour
 + Level 11.5 Dodging
 + Level 11.7 Invocations
 - Level 5.0 Evocations


You had 20 spell levels left.
You didn't know any spells.
Your spell library contained the following spells:

 Spells                   Type           Power      Damage    Failure   Level
 Animate Skeleton         Necr           0%         N/A       56%         1
 Magic Dart               Conj           0%         1d3       56%         1
 Pain                     Necr           0%         1d4       56%         1
 Slow                     Hex            0%         N/A       56%         1
 Sting                    Tmut/Pois      0%         1d3       56%         1
 Call Imp                 Summ           0%         N/A       71%         2
 Ensorcelled Hibernation  Hex/Ice        0%         N/A       71%         2
 Poisonous Vapours        Pois/Air       0%         N/A       71%         2
 Searing Ray              Conj           0%         2d4       71%         2
 Static Discharge         Conj/Air       0%         N/A       71%         2
 Confusing Touch          Hex            0%         N/A       90%         3
 Ignite Poison            Fire/Tmut/Pois 0%         N/A       90%         3
 Mephitic Cloud           Conj/Pois/Air  0%         N/A       90%         3
 Ozocubu's Armour         Ice            0%         N/A       90%         3
 Stone Arrow              Conj/Erth      0%         3d7       90%         3
 Tukima's Dance           Hex            0%         N/A       90%         3
 Vampiric Draining        Necr           0%         2d6       90%         3
 Animate Armour           Summ/Erth      0%         N/A       100%        4
 Fulminant Prism          Conj/Hex       0%         3d6       100%        4
 Iskenderun's Mystic Bla  Conj/Tloc      0%         2d3       100%        4
 Olgreb's Toxic Radiance  Pois           0%         N/A       100%        4
 Summon Ice Beast         Ice/Summ       0%         N/A       100%        4
 Agony                    Necr           0%         N/A       100%        5
 Alistair's Intoxication  Tmut/Pois      0%         N/A       100%        5
 Borgnjor's Vile Clutch   Necr/Erth      0%         N/A       100%        5
 Excruciating Wounds      Necr           0%         N/A       100%        5
 Fireball                 Conj/Fire      0%         3d3       100%        5
 Freezing Cloud           Conj/Ice/Air   0%         6-21      100%        5
 Lee's Rapid Deconstruct  Erth           0%         3d5*      100%        5
 Lightning Bolt           Conj/Air       0%         1d11      100%        5
 Summon Mana Viper        Hex/Summ       0%         N/A       100%        5
 Eringya's Noxious Bog    Tmut/Pois      0%         N/A       100%        6
 Starburst                Conj/Fire      0%         6d3       100%        6
 Enfeeble                 Hex            0%         N/A       100%        7
 Monstrous Menagerie      Summ           0%         N/A       100%        7
 Ozocubu's Refrigeration  Ice            0%         4d5       100%        7
 Ignition                 Fire           0%         3d3       100%        8
 Lehudib's Crystal Spear  Conj/Erth      0%         10d2      100%        8
 Maxwell's Capacitive Co  Air            0%         ∞         100%        8

Inventory:

Hand Weapons
 e - a +4 vampiric broad axe (weapon)
 q - a +3 eveningstar of venom
 w - a +9 battleaxe of freezing
Missiles
 d - 2 throwing nets {=f}
 l - 130 poisoned darts
 r - 3 javelins
 C - 6 boomerangs (quivered)
 P - 5 curare-tipped darts {=f}
Armour
 c - a +2 helmet
 h - a +2 pair of boots (worn)
 k - a +2 cloak (worn)
 J - quicksilver dragon scales (worn)
 O - a scarf of repulsion
 Q - the +0 helmet "Guong" (worn) {Str+6 Stlth+}
   (You found it on level 1 of the Vaults)

   Str:       It affects your strength (+6).
   Stlth:     It makes you more stealthy.
Jewellery
 E - a +4 ring of evasion
 F - a ring of protection from fire (right claw)
 I - a +6 ring of intelligence
 L - the ring of Reimbursement {Fly Str+3 Stlth+}
   (You found it on level 1 of the Orcish Mines)

   [ring of flight]

   Str:       It affects your strength (+3).
   Fly:       It grants you flight.
   Stlth:     It makes you more stealthy.
 W - the amulet "Xus Ucan" {Spirit Harm rPois Will+ rCorr}
   (You took it off a tengu warrior on level 11 of the Dungeon)

   [amulet of guardian spirit]

   It causes incoming damage to be divided between your reserves of health and
   magic.
   rPois:     It protects you from poison.
   rCorr:     It protects you from acid and corrosion.
   Harm:      It increases damage dealt and taken.
   Will:      It increases your willpower.
 X - a +6 ring of dexterity (left claw)
Wands
 g - a wand of polymorph (13)
 x - a wand of acid (10)
 A - a wand of charming (14)
 N - a wand of iceblast (16)
 V - a wand of digging (25)
 Y - a wand of paralysis (14)
Scrolls
 a - 2 scrolls of summoning
 j - 7 scrolls of teleportation {@r4}
 n - 5 scrolls of immolation {!r}
 y - 5 scrolls of vulnerability {!r}
 H - 2 scrolls of enchant armour
 K - 3 scrolls of magic mapping
 M - a scroll of enchant weapon
 R - 5 scrolls of fear
 U - 4 scrolls of fog
 Z - 2 scrolls of torment
Potions
 f - 3 potions of invisibility
 i - 3 potions of flight
 m - 4 potions of brilliance
 o - 14 potions of curing {@q1}
 p - a potion of heal wounds {@q2}
 s - 2 potions of magic
 t - 3 potions of cancellation
 u - 3 potions of might
 v - 6 potions of ambrosia
 z - 2 potions of resistance
 B - 4 potions of attraction {!q}
 G - a potion of haste {@q3}
Miscellaneous
 b - a phial of floods
 D - a box of beasts
 T - a condenser vane

Dungeon Overview and Level Annotations

Branches:
Dungeon (15/15)            Temple (1/1) D:6            Lair (6/6) D:9
  Swamp (4/4) Lair:2       Spider (4/4) Lair:3        Slime (0/5) Lair:6
    Orc (2/2) D:9             Elf (1/3) Orc:2        Vaults (1/5) D:13
 Depths (1/4) D:15

Altars:
Ashenzari
Cheibriados
Dithmenos
Elyvilon
Fedhas
Gozag
Hepliaklqana
Kikubaaqudgha
Makhleb
Nemelex Xobeh
Okawaru
Qazlal
Ru
Sif Muna
Trog
Uskayaw
Vehumet
Wu Jian
Xom
Yredelemnul
Zin
The Shining One

Shops:
D:1 (   D:5 (   D:11 !   Orc:2 *[*?

Portals:
Hell: Depths:1

Annotations:
D:11 1 runed translucent door, Dutauhats's ghost, journeyman TrCA

### #.# ##.##
######e..#
ee.{.)e..#
#######
#######'##
#.....# #{#
#.....# #.#
#...# #.#
##@).+ #.#
##'#.##
##{######.##.#
##.....##.#####
#+....).{'##
##.....)...##
#.......)...#
#.....).....#
#...........+


There were no monsters in sight!


Message History

You close the door.
Things that are here:
a +2 short sword of speed; a +0 chain mail Something unseen opens the door.
You hear some strange, mumbled words.
A shard of ice appears from out of thin air!
The shard of ice hits you but does no damage.
You see here a +0 short sword.
You hear a twanging sound.
An arrow appears from out of thin air!
The arrow hits you!
* * * LOW HITPOINT WARNING * * *
You hear a twanging sound.
An arrow appears from out of thin air!
The arrow hits you!
* * * LOW HITPOINT WARNING * * *
There is an open door here.
You close the door.
Something unseen opens the door.
There is an open door, spattered with blood here.
A shard of ice appears from out of thin air!
The shard of ice hits you! You partially resist.
* * * LOW HITPOINT WARNING * * *
You hear a twanging sound.
An arrow appears from out of thin air!
The arrow hits you!
* * * LOW HITPOINT WARNING * * *
There is a staircase back to the Mines, spattered with blood here.
Things that are here:
a +0 scale mail; a +0 kite shield A shard of ice appears from out of thin air!
The shard of ice hits you! You partially resist.
You die...

Skill      XL: |  1  2  3  4  5  6  7  8  9 10 11 12 13 14 15 16 17 18 19 20 21 |
---------------+----------------------------------------------------------------+-----
Axes           | 3 4 5 7 8 9 11 12 13 14 15 16 17 18 19 | 19.0
Fighting       | 3 4 5 6 8 9 11 12 14 15 16 17 18 19 20 21 22 | 22.0
Throwing       | 2 3 4 5 7 |  7.5
Armour         | 1 2 3 4 5 7 8 9 10 11 12 | 12.3
Invocations    | 1 4 5 6 7 9 10 11 | 11.7
Evocations     | 1 3 4 5 |  5.0
Dodging        | 3 5 6 7 8 9 10 11 | 11.5

Action                   |  1- 3 |  4- 6 |  7- 9 | 10-12 | 13-15 | 16-18 | 19-21 || total
-------------------------+-------+-------+-------+-------+-------+-------+-------++-------
Melee: War axe           |    84 |   243 |   145 |   108 |   294 |    32 |       ||   906
       Flail             |       |       |   170 |   631 |    61 |       |       ||   862
       Morningstar       |       |       |       |       |   282 |     8 |     6 ||   296
       Eveningstar       |       |       |       |       |   490 |   368 |    23 ||   881
       Battleaxe         |       |       |       |       |       |   816 |   499 ||  1315
       Punch             |       |       |       |       |       |       |     1 ||     1
       Executioner's axe |       |       |       |       |       |       |    35 ||    35
       Broad axe         |       |       |       |       |       |       |    15 ||    15
Throw: Throwing net      |     1 |     3 |     1 |     2 |       |     1 |       ||     8
       Stone             |       |     8 |     6 |       |       |       |       ||    14
       Dart              |       |    17 |    46 |    70 |    40 |    29 |       ||   202
       Boomerang         |       |       |       |       |    11 |    31 |     7 ||    49
Invok: Lesser Servant of |       |       |       |       |    16 |    39 |     6 ||    61
       Minor Destruction |       |       |       |       |     4 |       |       ||     4
       Major Destruction |       |       |       |       |       |     6 |     1 ||     7
Evoke: Wand              |       |       |     1 |    17 |     1 |     5 |     1 ||    25
       Condenser vane    |       |       |       |       |     1 |     1 |     1 ||     3
       Box of beasts     |       |       |       |       |       |     1 |       ||     1
  Use: Scroll            |       |     7 |     5 |     5 |    17 |    11 |    10 ||    55
       Potion            |       |       |     1 |       |     1 |    11 |     4 ||    17
 Stab: Held in net/web   |       |       |       |     2 |       |     1 |       ||     3
       Distracted        |       |       |       |       |     3 |     7 |     1 ||    11
       Paralysed         |       |       |       |       |       |     2 |       ||     2
Armor: Leather armour    |    25 |       |       |       |       |       |       ||    25
       Ring mail         |     6 |    27 |       |       |       |       |       ||    33
       Scale mail        |       |    78 |       |       |       |       |       ||    78
       Chain mail        |       |    28 |   210 |    37 |       |       |       ||   275
       Quicksilver drago |       |       |       |   381 |   683 |   948 |   324 ||  2336
       Plate armour      |       |       |       |       |       |    25 |       ||    25
Dodge: Dodged            |    75 |   141 |   151 |   486 |   863 |  1195 |   445 ||  3356

Levels and vault maps discovered:
D:1:      dpeg_arrival_caged_fury, layout_loops_corners, serial_shops,
          nicolae_shop_hallway_stairs, minmay_misc_feat_pillars,
          serial_bayou_lagoon_b
D:2:      layout_loops_ring, chequers_ecumenical_altar_grove,
          roderic_roman_lattice, st_stairs_2, grunt_ministairs_8, uniq_terence,
          uniq_robin, uniq_crazy_yiuf_cottage, uniq_sigmund
D:3:      layout_basic, mainiacjoe_overflow_small_starburst, zin_purify,
          gammafunk_ghost_nasty_kobolds, minivault_11, minmay_misc_feat_encased
D:4:      layout_loops_ring, mainiacjoe_overflow_cross_hatched
D:5:      layout_rooms, old_standard_altar, amcnicky_altar_gilded,
          grunt_temple_overflow_open, serial_shops, kennysheep_mini,
          uniq_menkaure, uniq_blork_the_orc
D:6:      layout_basic, nicolae_wu_jian_wuxing_cycle, temple_hall
D:7:      layout_loops_cross, corexii_checkpoint_a, nicolae_water_bricks
D:8:      layout_loops_cross, kennysheep_little_box, hangedman_decor_lopped
D:9:      nzn_winding_woodlands_medium [nzn_winding_woodlands_5x5_checkerboard,
          nzn_winding_woodlands_5x15_crooked, nzn_winding_woodlands_hourglass,
          nzn_winding_woodlands_5x5_open_star,
          nzn_winding_woodlands_center_pierced_h,
          nzn_winding_woodlands_5x5_cross,
          nzn_winding_woodlands_5x5_closed_star,
          nzn_winding_woodlands_5x15_cabin, nzn_winding_woodlands_5x5_three],
          layout_rooms, nicolae_qazlal_eye_of_the_storm, dpeg_oklobed_lair,
          hiddenorc1_lemuel
D:10:     layout_loops_cross, marbit_many_paths, nicolae_ru_awakened_eye,
          uniq_josephine
D:11:     minmay_the_grid_square_5x5_3x3 [minmay_the_grid_square_5x5_two,
          minmay_the_grid_square_5x5_one_wall,
          minmay_the_grid_square_5x5_dogpile, minmay_the_grid_square_5x5_comb,
          minmay_the_grid_square_5x5_megaprize_crossed,
          minmay_the_grid_square_5x5_spiral, minmay_the_grid_square_5x5_corner,
          minmay_the_grid_square_5x5_trominoes,
          minmay_the_grid_square_5x5_beaten_path], layout_basic,
          ebering_ghost_funeral_grove, serial_shops, nicolae_shop_behind_doors,
          hangedman_abyss_or_decor_jellyfish_corner
D:12:     layout_rooms, minmay_misc_feat_chi, minivault_4
D:13:     layout_basic, skrybe_vaults_entry_preservation, st_stairs_9,
          ebering_dispersal_statue_hall, uniq_nessos, uniq_maurice, uniq_frances
D:14:     layout_rooms, serial_bayou_ford_a, minmay_misc_feat_rows,
          minmay_starry_boxes
D:15:     grunt_enter_depths_magical_seal, layout_irregular_city,
          nemelex_xobeh_ov_fountains_minmay
Temple:   nicolae_temple_figure_zero
Lair:1:   layout_hall_layers
Lair:2:   layout_regular_city, skrybe_swamp_entry_bodies, grunt_megastairs_4,
          serial_bayou_shore_a
Lair:3:   dreamdust_isle_of_ice, layout_chaotic_city,
          spider_nest_entry_web_field
Lair:4:   layout_gridlike, chequers_serial_rivers_room_a
Lair:5:   wander_river, layout_cave_pods, gammafunk_ghost_icy
Lair:6:   grunt_lair_end_beastmaster, layout_cave_shapes, slime_dummy,
          lemuel_centaur_altar, uniq_sonja
Swamp:1:  layout_basic_swamp, evilmike_swamp_ruin_house_4, swamp_pool3
Swamp:2:  layout_falls_marsh, wheals_swamp_sinkhole
Swamp:3:  layout_falls_marsh, nicolae_swamp_fairy_circle
Swamp:4:  swamp_icy, layout_basic_swamp, swamp_pool3,
          nicolae_swamp_super_fun_site, infiniplex_staircase_pool
Spider:1: nicolae_spider_mines_3, drop_trap
Spider:2: layout_spider_delve
Spider:3: layout_spider_delve, nicolae_spider_swamp_cousins, uniq_azrael
Spider:4: grunt_spider_rune_parallel
Orc:1:    layout_caves, gammafunk_ghost_berserking_beasts
Orc:2:    st_orc_elflike, layout_caves, basic_altar
Elf:1:    layout_geoelf_octagon, serial_shops, nicolae_shop_hallway_plus,
          evilmike_minifort, uniq_asterion
Vaults:1: v_misc_17, grunt_vaults_funneled_arena, nicolae_vaults_asterisk,
          v_misc_9, ontoclasm_vaults_claustrophobia,
          nicolae_vaults_twisting_passages, grunt_vaults_swirl,
          nicolae_vaults_little_squares_3, v_alt_pattern_5,
          hangedman_vaults_maws, ontoclasm_vaults_loading_screen,
          ontoclasm_vaults_loading_screen, vaults_room_pools, vaults_dpeg_ring,
          layout_vaults_big_cross
Depths:1: layout_roguey, hellmouth_3, serial_bayou_pond_e, serial_shops,
          shop_scrolls, kennysheep_doodads, hangedman_decor_riveting,
          lemuel_flamethrower_2, minmay_shoptagon, uniq_bai_suzhen

Notes
Turn   | Place    | Note
-------+----------+-------------------------------------------
     0 | D:1      | agentchuck the Ghoul Gladiator began the quest for the Orb.
     0 | D:1      | Reached XP level 1. HP: 17/17 MP: 0/0
     1 | D:1      | Found a runed translucent door.
   311 | D:1      | Reached XP level 2. HP: 25/25 MP: 1/1
   368 | D:1      | Reached skill level 3 in Axes
   870 | D:1      | Found Rololear's Antique Weapon Shoppe.
   928 | D:1      | Reached skill level 3 in Fighting
  1161 | D:1      | Reached XP level 3. HP: 27/31 MP: 2/2
  1387 | D:2      | Noticed Robin
  1425 | D:2      | Killed Robin
  1426 | D:2      | Reached skill level 2 in Throwing
  1430 | D:2      | Reached XP level 4. HP: 29/38 MP: 3/3
  1464 | D:2      | Noticed Sigmund
  1816 | D:2      | Reached XP level 5. HP: 16/46 MP: 4/4
  2197 | D:2      | Reached skill level 4 in Fighting
  2320 | D:2      | Noticed Terence
  2342 | D:2      | Killed Terence
  2343 | D:2      | Reached skill level 4 in Axes
  2487 | D:2      | Found a faded altar of an unknown god.
  2833 | D:2      | You fall into a shaft and drop 2 floors!
  2894 | D:4      | HP: 4/46 [iguana (9)]
  2895 | D:4      | HP: 1/46 [iguana (3)]
  3342 | D:4      | Identified a scroll of acquirement
  3342 | D:4      | Acquired a manual of Crossbows
  3622 | D:4      | Reached XP level 6. HP: 46/53 MP: 5/5
  3624 | D:4      | Found a sparkling altar of Nemelex Xobeh.
  4116 | D:4      | Reached skill level 5 in Fighting
  4200 | D:4      | Reached skill level 1 in Armour
  5042 | D:3      | Found a runed translucent gate.
  5042 | D:3      | Found a runed translucent gate.
  5042 | D:3      | Found a runed translucent gate.
  5043 | D:3      | Noticed rocketpapaya's ghost (amateur DECj)
  5125 | D:3      | Found a hazy altar of Hepliaklqana.
  5188 | D:3      | Found Zin's Purification Station.
  5198 | D:3      | Bought a potion of curing for 90 gold pieces
  5498 | D:2      | Found a runed translucent door.
  5499 | D:2      | Noticed Crazy Yiuf
  5643 | D:5      | Entered Level 5 of the Dungeon
  5643 | D:5      | Found an iron altar of Okawaru.
  5643 | D:5      | Found a shimmering blue altar of Sif Muna.
  5659 | D:5      | Reached skill level 5 in Axes
  5659 | D:5      | Reached XP level 7. HP: 39/61 MP: 6/6
  5780 | D:5      | Noticed Menkaure
  5796 | D:5      | Killed Menkaure
  5945 | D:5      | Reached skill level 6 in Fighting
  5945 | D:5      | Reached skill level 2 in Armour
  6120 | D:5      | Reached XP level 8. HP: 71/71 MP: 7/7
  6212 | D:5      | Found a basalt altar of Yredelemnul.
  6255 | D:5      | Found Veaziraf's Antique Weapon Boutique.
  6271 | D:5      | Noticed Blork the orc
  6272 | D:5      | Found a burning altar of Makhleb.
  6280 | D:5      | Reached skill level 6 in Axes
  6481 | D:5      | Identified the +3 dagger of Infinite Pain {freeze, Will+}
  6623 | D:5      | Became a worshipper of Makhleb the Destroyer
  6655 | D:6      | Reached skill level 7 in Fighting
  6721 | D:5      | Reached skill level 3 in Armour
  6782 | D:5      | Killed Blork the orc
  7322 | D:6      | Reached skill level 8 in Fighting
  7322 | D:6      | Reached skill level 7 in Axes
  7322 | D:6      | Reached XP level 9. HP: 81/81 MP: 8/8
  7799 | D:6      | Found an ornate altar of the Wu Jian Council.
  7995 | D:6      | Reached skill level 4 in Armour
  8536 | D:6      | Reached skill level 9 in Fighting
  8992 | D:6      | Reached skill level 8 in Axes
  9039 | D:6      | Found a staircase to the Ecumenical Temple.
  9048 | Temple   | Entered the Ecumenical Temple
  9616 | D:7      | Reached * piety under Makhleb
 10114 | D:7      | Reached XP level 10. HP: 84/93 MP: 9/9
 10230 | D:7      | Reached skill level 10 in Fighting
 10230 | D:7      | Reached skill level 5 in Armour
 10959 | D:8      | Reached skill level 9 in Axes
 11372 | D:8      | Reached ** piety under Makhleb
 11409 | D:8      | Found a bloodstained altar of Trog.
 11675 | D:2      | Killed Crazy Yiuf
 12071 | D:2      | Killed Sigmund
 12140 | D:3      | Killed rocketpapaya's ghost
 12366 | D:9      | Noticed a cyclops
 12499 | D:9      | Found a staircase to the Orcish Mines.
 12655 | D:9      | Killed a cyclops
 12656 | D:9      | Reached skill level 11 in Fighting
 12995 | D:9      | Found a staircase to the Lair.
 13087 | D:9      | Reached skill level 1 in Invocations
 13095 | D:9      | Reached skill level 1 in Evocations
 13101 | D:9      | Reached *** piety under Makhleb
 13113 | D:9      | Reached XP level 11. HP: 95/102 MP: 11/11
 13119 | D:9      | Reached skill level 10 in Axes
 13129 | D:9      | Reached skill level 2 in Invocations
 13302 | D:9      | Noticed a two-headed ogre
 13330 | D:9      | Killed a two-headed ogre
 13331 | D:9      | Reached skill level 2 in Evocations
 13357 | D:9      | Found a stormy altar of Qazlal.
 13654 | D:9      | Noticed a two-headed ogre
 13671 | D:9      | Killed a two-headed ogre
 13672 | D:9      | Reached skill level 12 in Fighting
 13672 | D:9      | Reached skill level 3 in Invocations
 14111 | D:9      | Noticed a two-headed ogre
 14263 | D:9      | Killed a two-headed ogre
 14318 | D:9      | Noticed a two-headed ogre
 14326 | D:9      | Killed a two-headed ogre
 14327 | D:9      | Reached skill level 3 in Evocations
 14445 | D:9      | Noticed a brown ugly thing
 14801 | Lair:1   | Entered Level 1 of the Lair of Beasts
 15119 | D:8      | Upgraded the game from 0.28-a0-1374-ga75cb3825e to
                  | 0.28-a0-1382-g92835e5c71
 15141 | D:8      | Reached skill level 4 in Invocations
 15258 | D:10     | Entered Level 10 of the Dungeon
 15513 | D:10     | Found a sacrificial altar of Ru.
 15530 | D:10     | Reached skill level 11 in Axes
 15727 | D:10     | Reached **** piety under Makhleb
 15742 | D:10     | Reached XP level 12. HP: 104/113 MP: 14/14
 15792 | D:10     | Reached skill level 13 in Fighting
 15841 | D:10     | Reached skill level 4 in Evocations
 16125 | D:10     | Identified the +4 ring mail of Lugonu's Castigation {rPois
                  | Str+6}
 16167 | D:10     | Found a blossoming altar of Fedhas.
 16342 | D:10     | Noticed Josephine
 16358 | D:10     | Noticed Josephine
 16358 | D:10     | Josephine changed into Josephine the merfolk
 16379 | D:10     | Killed Josephine the merfolk
 16388 | D:10     | Reached skill level 5 in Invocations
 17207 | D:5      | Bought a runed eveningstar for 414 gold pieces
 17444 | D:9      | Upgraded the game from 0.28-a0-1382-g92835e5c71 to
                  | 0.28-a0-1387-g3a22ab9bdc
 18186 | Lair:1   | Reached skill level 12 in Axes
 18762 | Lair:2   | Reached skill level 3 in Dodging
 18772 | Lair:2   | Reached skill level 14 in Fighting
 18778 | Lair:2   | Reached skill level 3 in Throwing
 19387 | Lair:2   | Reached XP level 13. HP: 121/124 MP: 16/16
 19612 | Lair:2   | Found a staircase to the Swamp.
 19670 | Lair:2   | Reached skill level 6 in Armour
 20210 | Lair:2   | Upgraded the game from 0.28-a0-1387-g3a22ab9bdc to
                  | 0.28-a0-1389-gc726bef33b
 20228 | Lair:3   | Found a hole to the Spider Nest.
 20411 | Lair:3   | Reached skill level 4 in Dodging
 20625 | Lair:3   | Reached ***** piety under Makhleb
 20626 | Lair:3   | Reached skill level 4 in Throwing
 22135 | Lair:4   | Reached skill level 15 in Fighting
 22232 | Lair:4   | Reached skill level 13 in Axes
 23481 | Lair:5   | Reached skill level 6 in Invocations
 23482 | Lair:5   | Reached skill level 5 in Dodging
 23518 | Lair:5   | Reached skill level 7 in Armour
 23812 | Lair:5   | Reached XP level 14. HP: 135/135 MP: 17/17
 24008 | Lair:5   | Noticed Mysukhlell's ghost (journeyman DrTm)
 24020 | Lair:5   | Found a runed translucent gate.
 24020 | Lair:5   | Found a runed translucent gate.
 24020 | Lair:5   | Found a runed translucent gate.
 24363 | Lair:5   | Killed Mysukhlell's ghost
 24898 | Lair:6   | Entered Level 6 of the Lair of Beasts
 25756 | Lair:6   | Found a staircase to the Slime Pits.
 25917 | Lair:6   | Reached skill level 16 in Fighting
 25941 | Lair:6   | Reached skill level 7 in Invocations
 26455 | Lair:6   | Reached skill level 14 in Axes
 26754 | Lair:6   | Reached skill level 6 in Dodging
 26937 | Lair:6   | Noticed Sonja
 26946 | Lair:6   | Killed Sonja
 27376 | Lair:6   | Found a basalt altar of Yredelemnul.
 27589 | Lair:6   | Reached skill level 8 in Armour
 27641 | Lair:6   | Reached XP level 15. HP: 69/145 MP: 19/19
 27648 | Lair:6   | HP: 12/145 [death yak (15)]
 28122 | Lair:6   | Reached skill level 8 in Invocations
 28814 | D:11     | Identified the +12 scimitar "Newtslayer" {vorpal, rElec
                  | rPois rN+ Will-}
 28814 | D:11     | Identified the amulet "Xus Ucan" {Spirit Harm rPois Will+
                  | rCorr}
 29105 | D:11     | Reached skill level 17 in Fighting
 29776 | D:11     | Found Lyitsig's Distillery.
 29785 | D:11     | Bought a potion of heal wounds for 60 gold pieces
 29785 | D:11     | Bought a potion of invisibility for 96 gold pieces
 29785 | D:11     | Bought a potion of cancellation for 96 gold pieces
 29785 | D:11     | Bought a potion of curing for 36 gold pieces
 30268 | D:11     | Found a runed translucent door.
 30269 | D:11     | Noticed Dutauhats's ghost (journeyman TrCA)
 30270 | D:11     | Identified the +3 spear of Xom's Castigation {flame, rPois
                  | Dex+4}
 30289 | D:11     | Reached skill level 7 in Dodging
 30472 | D:11     | Identified the +2 falchion "Killer Klown's Foe" {elec, rC+}
 30480 | D:11     | Upgraded the game from 0.28-a0-1389-gc726bef33b to
                  | 0.28-a0-1395-g4f6bc678fa
 30591 | Orc:1    | Entered Level 1 of the Orcish Mines
 30714 | Orc:1    | Found a transporter.
 30717 | Orc:1    | Noticed Clumpoid's ghost (journeyman GnWn)
 30763 | Orc:1    | Found a transporter.
 31132 | Orc:2    | Entered Level 2 of the Orcish Mines
 31132 | Orc:2    | Found a staircase to the Elven Halls.
 31481 | Orc:2    | Reached ****** piety under Makhleb
 31622 | Orc:2    | Found a bloodstained altar of Trog.
 32065 | Orc:2    | Reached skill level 15 in Axes
 32134 | Orc:2    | Paralysed by an orc sorcerer for 5 turns
 32751 | Orc:2    | Found Ylu Seluifi's Magic Scroll Boutique.
 32751 | Orc:2    | Found Pofiaboi's Assorted Antiques.
 32752 | Orc:2    | Found Rioxyc's Assorted Antiques.
 32752 | Orc:2    | Found Fiudesug's Armour Shoppe.
 32777 | Orc:2    | Bought a scroll of amnesia for 63 gold pieces
 32777 | Orc:2    | Bought a scroll of enchant weapon for 135 gold pieces
 32777 | Orc:2    | Bought a scroll of enchant armour for 135 gold pieces
 32777 | Orc:2    | Bought a scroll of identify for 36 gold pieces
 32777 | Orc:2    | Bought a scroll of identify for 36 gold pieces
 32777 | Orc:2    | Bought a scroll of identify for 36 gold pieces
 32777 | Orc:2    | Bought a scroll of identify for 36 gold pieces
 32777 | Orc:2    | Bought a scroll of fog for 36 gold pieces
 32962 | Orc:2    | Paralysed by an orc sorcerer for 5 turns
 33279 | Swamp:1  | Entered Level 1 of the Swamp
 33480 | Swamp:1  | Reached skill level 9 in Invocations
 34105 | Swamp:1  | Reached skill level 9 in Armour
 34105 | Swamp:1  | Reached XP level 16. HP: 118/157 MP: 13/21
 34882 | Swamp:2  | Reached skill level 18 in Fighting
 35864 | Swamp:3  | Reached skill level 8 in Dodging
 35868 | Swamp:3  | HP: 14/157 [spectral fenstrider witch[a ghost crab] (7)]
 36534 | Swamp:3  | Noticed a thorn hunter
 36554 | Swamp:3  | Killed a thorn hunter
 36875 | Swamp:3  | Reached skill level 5 in Throwing
 37105 | Swamp:4  | Entered Level 4 of the Swamp
 37197 | Swamp:4  | Noticed a thorn hunter
 37257 | Swamp:4  | Noticed a thorn hunter
 37785 | Swamp:4  | Noticed a thorn hunter
 37920 | Swamp:4  | Killed a thorn hunter
 38340 | Swamp:3  | Killed a thorn hunter
 38866 | Swamp:4  | Killed a thorn hunter
 39951 | Swamp:4  | Reached skill level 16 in Axes
 40599 | Swamp:4  | HP: 7/159 [ice dragon (12)]
 41011 | Swamp:4  | Got a decaying rune of Zot
 41289 | Orc:1    | Killed Clumpoid's ghost
 41292 | Orc:1    | Identified the ring of Reimbursement {Fly Str+3 Stlth+}
 41523 | Spider:1 | Entered Level 1 of the Spider Nest
 41790 | Spider:1 | Reached XP level 17. HP: 133/166 MP: 16/23
 42105 | Spider:1 | Reached skill level 6 in Throwing
 42635 | Spider:1 | Reached skill level 19 in Fighting
 42639 | Spider:1 | Reached skill level 10 in Armour
 43451 | Spider:2 | Reached skill level 9 in Dodging
 45046 | Spider:3 | Upgraded the game from 0.28-a0-1395-g4f6bc678fa to
                  | 0.28-a0-1404-g4df0f3684d
 45895 | Spider:3 | Noticed Azrael
 45906 | Spider:3 | Killed Azrael
 46555 | Spider:3 | Reached skill level 7 in Throwing
 46828 | Spider:4 | Entered Level 4 of the Spider Nest
 47023 | Spider:4 | Reached skill level 17 in Axes
 47034 | Spider:4 | Reached XP level 18. HP: 176/178 MP: 0/24
 47590 | Spider:4 | Reached skill level 20 in Fighting
 48234 | Spider:4 | Lost intelligence.
 48551 | Spider:4 | HP: 10/178 [steelbarb worm (18)]
 48556 | Spider:4 | HP: 16/178 [barbs]
 49920 | Spider:4 | Reached skill level 11 in Armour
 49920 | Spider:4 | Reached skill level 10 in Dodging
 50904 | Spider:4 | Got a gossamer rune of Zot
 51695 | D:13     | Identified a +1 robe of resistance
 51697 | D:13     | Noticed Nessos
 52055 | D:13     | Noticed Frances
 52073 | D:13     | Killed Frances
 52100 | D:13     | Reached skill level 10 in Invocations
 52136 | D:13     | Noticed Maurice
 52155 | D:13     | Killed Maurice
 52356 | D:13     | Found a gate to the Vaults.
 52541 | D:13     | Identified a potion of experience
 52542 | D:13     | Reached skill level 5 in Evocations
 52542 | D:13     | Reached XP level 19. HP: 188/188 MP: 25/25
 52560 | D:13     | Noticed Nessos
 52560 | D:13     | Nessos changed into Nessos the tarantella
 52563 | D:13     | Killed Nessos the tarantella
 52860 | D:14     | Reached skill level 18 in Axes
 53266 | D:14     | Reached XP level 20. HP: 168/195 MP: 26/26
 53499 | D:14     | Identified 2 potions of resistance
 53554 | D:14     | Reached skill level 21 in Fighting
 53806 | D:15     | Entered Level 15 of the Dungeon
 54164 | D:15     | Found a sparkling altar of Nemelex Xobeh.
 54373 | D:15     | Acquired the +0 executioner's axe of Veleqaynt {vamp,
                  | rPois}
 54878 | D:15     | Found a staircase to the Depths.
 55191 | Depths:1 | Entered Level 1 of the Depths
 55663 | Depths:1 | Noticed Bai Suzhen
 55666 | Depths:1 | Found a gateway to Hell.
 55683 | Depths:1 | HP: 12/198 [balrug (23)]
 55688 | Depths:1 | HP: 1/198 [hell hog/fireball (10)]
 56186 | D:15     | Killed Bai Suzhen
 56408 | Vaults:1 | Entered Level 1 of the Vaults
 56453 | Vaults:1 | Reached skill level 11 in Invocations
 56947 | Vaults:1 | Reached skill level 11 in Dodging
 58003 | Vaults:1 | Reached skill level 12 in Armour
 59525 | Vaults:1 | Reached XP level 21. HP: 190/206 MP: 28/28
 59636 | Vaults:1 | Identified the +0 helmet "Guong" {Str+6 Stlth+}
 59704 | Vaults:1 | Reached skill level 22 in Fighting
 60097 | Elf:1    | Entered Level 1 of the Elven Halls
 60098 | Elf:1    | Noticed Asterion
 60105 | Elf:1    | Killed Asterion
 60131 | Elf:1    | Reached skill level 19 in Axes
 60311 | Elf:1    | HP: 14/207 [something/shard of ice (11)]
 60311 | Elf:1    | HP: 4/207 [something (10)]
 60312 | Elf:1    | Killed from afar by a deep elf knight

Vanquished Creatures
  Bai Suzhen (D:15)
  Asterion (Elf:1)
  A sphinx (Depths:1)
  3 thorn hunters
  Frances (D:13)
  A fire giant (Depths:1)
  3 vault wardens (Vaults:1)
  A deep elf sorcerer (Vaults:1)
  3 emperor scorpions
  6 ghost moths
  2 broodmothers
  A very ugly thing (Vaults:1)
  2 war gargoyles (Vaults:1)
  6 ironbound preservers
  An ironbound thunderhulk (Vaults:1)
  2 eleionomae
  The ghost of Mysukhlell the Transmogrifier, a journeyman DrTm of Uskayaw (Lair:5)
  6 bunyips
  A deep elf annihilator (Elf:1)
  5 dire elephants (Vaults:1)
  9 spark wasps
  4 yaktaur captains (Vaults:1)
  A fire dragon (D:15)
  A great orb of eyes (Depths:1)
  3 ironbound frosthearts (Vaults:1)
  9 boulder beetles
  An ogre mage (D:13)
  3 ice dragons (Swamp:4)
  11 hydras
  The ghost of Clumpoid the Slinger, a journeyman GnWn of Cheibriados (Orc:1)
  3 ghost crabs
  2 jorogumos
  A catoblepas (Lair:6)
  16 centaur warriors
  12 death yaks
  2 dancing weapons (Elf:1)
  7 alligators
  13 two-headed ogres
  2 tengu warriors (D:11)
  4 orc high priests
  A deep troll shaman (Lair:6)
  3 hell knights (Depths:1)
  A sun demon (Depths:1)
  2 spriggans
  3 sun moths
  6 pharaoh ants
  5 steelbarb worms
  A death drake (Swamp:4)
  6 bog bodies
  A spriggan druid (Swamp:3)
  5 swamp dragons
  18 deep trolls (Vaults:1)
  6 goliath frogs
  18 orb spiders
  4 ironbound convokers (Vaults:1)
  5 orc knights
  6 lindwurms (Vaults:1)
  A wizard (Vaults:1)
  38 wolf spiders
  A deep elf pyromancer (D:14)
  3 deep elf zephyrmancers
  3 necromancers
  A mana viper (shapeshifter) (D:15)
  A wolf spider zombie (D:15)
  15 ugly things
  5 will-o-the-wisps
  7 orc sorcerers (Orc:2)
  3 moths of wrath
  4 manticores
  A salamander (shapeshifter) (D:15)
  A salamander (Depths:1)
  6 black mambas
  6 elephants
  7 vault sentinels (Vaults:1)
  Maurice (D:13)
  4 cyclopes
  3 torpor snails
  2 gargoyles (D:12)
  3 naga magi (D:15)
  7 demonic crawlers
  An unseen horror (D:11)
  12 cane toads
  13 yaktaurs (Vaults:1)
  A redback zombie (D:15)
  6 komodo dragons
  2 kobold demonologists
  6 rime drakes
  4 freezing wraiths
  2 tengu conjurers
  An efreet (D:15)
  2 bloated husks (Swamp:1)
  9 meliai
  10 trolls
  A merfolk (D:10)
  5 hornets
  A wolf spider simulacrum (D:15)
  2 polar bears
  14 tyrant leeches
  28 tarantellas
  27 slime creatures
  19 blink frogs
  27 dream sheep
  Sigmund (D:2)
  30 jumping spiders
  A water elemental (Elf:1)
  14 culicivoras
  2 centaur simulacra (D:15)
  11 wraiths
  A vampire (D:13)
  4 wyverns
  2 fire elementals (Spider:3)
  A yak (shapeshifter) (D:15)
  68 yaks
  2 steam dragons
  8 basilisks
  20 vampire mosquitoes
  Menkaure (D:5)
  42 redbacks
  11 swamp worms
  A harpy simulacrum (D:14)
  6 swamp worm simulacra (Swamp:4)
  An acid dragon (D:11)
  6 wargs (Orc:1)
  The ghost of rocketpapaya the Vexing, an amateur DECj (D:3)
  12 water moccasins
  3 hell hounds (Spider:3)
  11 hydra simulacra (Swamp:4)
  A swamp drake (Swamp:2)
  23 orc warriors
  A sky beast (D:6)
  An ice beast (D:5)
  3 black bears
  2 necrophages
  8 ogres
  32 wolves
  19 centaurs
  A phantom (D:6)
  Blork the orc (D:5)
  15 bullfrogs
  6 kobold brigands
  4 gnoll sergeants
  A scorpion (D:4)
  2 water moccasin zombies (D:5)
  2 water moccasin skeletons
  14 killer bees
  3 howler monkeys
  15 wights
  2 electric eels
  5 centaur zombies
  5 hounds
  3 gnoll shamans
  20 orc priests
  Crazy Yiuf (D:2)
  2 centaur skeletons
  An iguana (D:4)
  21 orc wizards
  Terence (D:2)
  A killer bee zombie (D:8)
  Robin (D:2)
  23 gnolls
  8 adders
  A white imp (Lair:3)
  An ufetubus (D:5)
  2 worms
  An adder skeleton (D:4)
  A dart slug (D:4)
  66 orcs
  19 endoplasms
  5 giant cockroaches
  11 goblins
  11 hobgoblins
  A jackal (D:1)
  2 quokkas (D:5)
  8 ball pythons
  5 bats
  4 frilled lizards
  34 kobolds
  7 rats
  2 briar patches (Swamp:3)
1249 creatures vanquished.

Vanquished Creatures (collateral kills)
  A thorn hunter (Swamp:3)
  An emperor scorpion (Spider:3)
  Azrael (Spider:3)
  2 spark wasps (Spider:4)
  A two-headed ogre (D:13)
  An alligator (Swamp:1)
  A deep elf knight (Elf:1)
  Sonja (Lair:6)
  A deep elf zephyrmancer (Elf:1)
  3 wolf spiders
  A moth of wrath (Spider:4)
  An ice statue (Lair:3)
  A cane toad (Lair:5)
  3 rime drakes (Lair:5)
  An ice devil (Lair:3)
  A tarantella (Spider:3)
  A blink frog (Lair:5)
  2 culicivoras (Spider:2)
  3 yaks
  A basilisk (Lair:5)
  3 redbacks
  A swamp worm simulacrum (Swamp:4)
  A death yak simulacrum (Lair:5)
  A swamp worm (Swamp:4)
  A hell hound (Spider:3)
  A water moccasin (Lair:5)
  3 orc warriors (Orc:2)
  An elephant simulacrum (Lair:3)
  A dream sheep simulacrum (Lair:5)
  A lindwurm simulacrum (Lair:5)
  A torpor snail simulacrum (Lair:5)
  A white imp (Lair:3)
44 creatures vanquished.

Vanquished Creatures (others)
  A bunyip (Swamp:3)
  An ice dragon (Swamp:4)
  An alligator (Swamp:4)
  A deep elf knight (Elf:1)
  A goliath frog (Swamp:4)
  A torpor snail (Spider:3)
  A komodo dragon (Lair:1)
  5 bloated husks
  A tarantella (Spider:3)
  A swamp worm (Swamp:4)
  A centaur (D:14)
  28 foxfires
  45 fungi
  66 plants
154 creatures vanquished.

Grand Total: 1447 creatures vanquished

Table legend: (Time is in decaauts)
 A = Elapsed time spent in this place.
 B = Non-inter-level travel time spent in this place.
 C = Inter-level travel time spent in this place.
 D = Time resting spent in this place.
 E = Time spent auto-exploring this place.
 F = Levels seen in this place.
 G = Mean time per level.
                   A        B        C        D        E       F      G
               +--------+--------+--------+--------+--------+-----+--------+
         Total |  60726 |  56546 |   4180 |  25841 |  13457 |  35 | 1735.0 |
       Dungeon |  25278 |  22932 |   2346 |   8967 |   7149 |  15 | 1685.2 |
        Temple |    123 |    113 |     10 |      0 |    113 |   1 |  123.0 |
          Lair |  10782 |  10040 |    742 |   3469 |   2807 |   6 | 1797.0 |
         Swamp |   8133 |   7693 |    440 |   4871 |    694 |   4 | 2033.2 |
   Spider Nest |   9434 |   9081 |    353 |   5416 |   1076 |   4 | 2358.5 |
  Orcish Mines |   2795 |   2564 |    231 |   1070 |    695 |   2 | 1397.5 |
   Elven Halls |    206 |    206 |      0 |    109 |      0 |   1 |  206.0 |
        Vaults |   3461 |   3416 |     45 |   1675 |    913 |   1 | 3461.0 |
        Depths |    510 |    500 |     10 |    260 |      8 |   1 |  510.0 |
               +--------+--------+--------+--------+--------+-----+--------+

Top non-repeatable levels by time:
Spider:3: 4177 daAuts
Vaults:1: 3461 daAuts
 Swamp:4: 3162 daAuts
     D:9: 2762 daAuts
  Lair:6: 2528 daAuts
 Swamp:3: 2459 daAuts
  Lair:5: 2426 daAuts
     D:8: 2366 daAuts
     D:6: 2317 daAuts
  Lair:2: 2125 daAuts
    D:11: 2105 daAuts
    D:15: 1999 daAuts
     D:4: 1971 daAuts
Spider:4: 1971 daAuts
Spider:1: 1824 daAuts

Table legend:
 A = Non-vault XP
 B = Vault XP
 C = Vault XP percentage of total XP
 D = Non-vault monster count
 E = Vault monster count
 F = Vault count percentage of total count
                 A         B        C        D         E       F
            +---------+---------+-------+---------+---------+-------
      Total |  283634 |  137865 |  32.7 |     915 |     380 |  29.3
            +---------+---------+-------+---------+---------+-------
        D:1 |      48 |      47 |  49.5 |      22 |      18 |  45.0
        D:2 |      55 |     345 |  86.2 |      16 |      16 |  50.0
        D:3 |      75 |     264 |  77.9 |      16 |       9 |  36.0
        D:4 |     272 |       0 |   0.0 |      21 |       0 |   0.0
        D:5 |     944 |     275 |  22.6 |      21 |       2 |   8.7
        D:6 |    1913 |       0 |   0.0 |      24 |       0 |   0.0
        D:7 |    1428 |       4 |   0.3 |      28 |       2 |   6.7
        D:8 |    1299 |     601 |  31.6 |      26 |       3 |  10.3
        D:9 |    3851 |    6166 |  61.6 |      27 |      43 |  61.4
       D:10 |    5871 |    1744 |  22.9 |      34 |       7 |  17.1
       D:11 |    3437 |    8803 |  71.9 |      18 |      19 |  51.4
       D:12 |    6255 |       0 |   0.0 |      22 |       0 |   0.0
       D:13 |    8270 |   10117 |  55.0 |      18 |      15 |  45.5
       D:14 |   10051 |    3285 |  24.6 |      23 |       6 |  20.7
       D:15 |    8498 |    7470 |  46.8 |      20 |      11 |  35.5
     Lair:1 |    3319 |       0 |   0.0 |      14 |       0 |   0.0
     Lair:2 |    4751 |    1039 |  17.9 |      22 |       4 |  15.4
     Lair:3 |    4612 |    3524 |  43.3 |      20 |      12 |  37.5
     Lair:4 |    6778 |       0 |   0.0 |      37 |       0 |   0.0
     Lair:5 |   14287 |    2785 |  16.3 |      54 |       9 |  14.3
     Lair:6 |   15670 |    9639 |  38.1 |      40 |      22 |  35.5
    Swamp:1 |   12880 |       0 |   0.0 |      23 |       0 |   0.0
    Swamp:2 |    8184 |       0 |   0.0 |      16 |       0 |   0.0
    Swamp:3 |   15020 |     349 |   2.3 |      26 |       1 |   3.7
    Swamp:4 |   10037 |    7273 |  42.0 |      16 |      25 |  61.0
   Spider:1 |   19417 |    3412 |  14.9 |      47 |       9 |  16.1
   Spider:2 |   12075 |       0 |   0.0 |      23 |       0 |   0.0
   Spider:3 |   28978 |    6607 |  18.6 |      63 |      21 |  25.0
   Spider:4 |   16493 |   23011 |  58.2 |      38 |      51 |  57.3
      Orc:1 |    2424 |    2949 |  54.9 |      21 |       9 |  30.0
      Orc:2 |    4971 |    7608 |  60.5 |      43 |      24 |  35.8
      Elf:1 |    5439 |    1162 |  17.6 |       8 |       1 |  11.1
   Vaults:1 |   34218 |   28608 |  45.5 |      55 |      40 |  42.1
   Depths:1 |   11814 |     778 |   6.2 |      13 |       1 |   7.1
            +---------+---------+-------+---------+---------+-------
